 Dungeon Sprint DCSS version 0.23.2-30-g0e89c35649 (webtiles) character file.

Game seed: 13292118738946399934

735 Kobolds4U the Carver (level 7, -1/62 HPs)
             Began as a Minotaur Berserker on June 10, 2019.
             Was a Priest of Trog.
             Slain by a sun demon (10 damage)
             ... summoned by a kobold demonologist
             ... in the Dungeon (Sprint I: "Red Sonja").
             The game lasted 00:01:09 (717 turns).

Kobolds4U the Carver (Minotaur Berserker)            Turns: 717, Time: 00:01:09

Health: -1/62      AC:  0    Str: 22    XL:     7   Next: 45%
Magic:  6/6        EV: 17    Int:  4    God:    Trog [***...]
Gold:   414        SH:  0    Dex: 11    Spells: 6/6 levels left

rFire    . . .     SeeInvis .   a - +0 falchion
rCold    . . .     Gourm    .   (no shield)
rNeg     . . .     Faith    .   k - +0 leather armour
rPois    .         Spirit   .   (helmet restricted)
rElec    .         Reflect  .   (no cloak)
rCorr    .         Harm     .   (no gloves)
MR       .....     NoTele   +   (no boots)
Stlth    +.........             (no amulet)
HPRegen  0.20/turn              (no ring)
MPRegen  0.10/turn              (no ring)

@: corroded
A: retaliatory headbutt, horns 2
a: Berserk, Trog's Hand, Renounce Religion


You were in the Dungeon.
You worshipped Trog.
Trog was most pleased with you.
You were not hungry.

You visited 1 branch You collected 414 gold pieces.

Inventory:

Hand Weapons
 a - a +0 falchion (weapon)
Armour
 k - a +0 leather armour (worn)
Scrolls
 i - a scroll of blinking
 j - 2 scrolls of amnesia {unknown}
Potions
 b - a potion of degeneration {unknown}
 d - a potion of curing
 e - a potion of heal wounds
 f - a potion of haste
 g - 2 potions of magic
 h - a potion of berserk rage
Comestibles
 c - a ration


   Skills:
 * Level 5.7 Fighting
 - Level 14.9 Long Blades
 - Level 2.4 Armour
 + Level 10.6 Dodging


You had 6 spell levels left.
You didn't know any spells.
Your spell library was empty.

Dungeon Overview and Level Annotations

Branches:
Dungeon (1/1)

Altars:
Cheibriados
Dithmenos
Elyvilon
Fedhas
Gozag
Hepliaklqana
Kikubaaqudgha
Makhleb
Nemelex Xobeh
Okawaru
Qazlal
Ru
Sif Muna
Trog
Uskayaw
Vehumet
Wu Jian
Xom
Yredelemnul
Zin
The Shining One
Jiyva
Lugonu

Shops:
D :


Innate Abilities, Weirdness & Mutations

You reflexively headbutt those who attack you in melee.
You have a pair of horns on your head.


Message History

The kobold demonologist mumbles some strange words.
You barely miss the kobold demonologist.
You headbutt the kobold demonologist.
The kobold demonologist is heavily wounded.
Unknown command.
The sun demon hits you.
You are engulfed in flames!
The kobold demonologist hits you but does no damage. x2
There is an open door, spattered with blood here.
You slash the kobold demonologist!
The kobold demonologist is moderately wounded.
The sun demon barely misses you. The rust devil hits you!
The rust devil corrodes you!
You barely miss the kobold demonologist.
Your headbutt misses the kobold demonologist.
The kobold demonologist is heavily wounded.
The kobold demonologist looks braver for a moment.
The kobold demonologist misses you. The sun demon hits you!!
* * * LOW HITPOINT WARNING * * *
You are engulfed in flames!
You die...

#####################
.)..#.)'..#__#.4@K35#
.#..'..#..'..'.K#345#
###'#####'#__####35.+
##..#...#.#### ####
_####..##.#
____##'#_.+
.∩...÷..._#
..__##_.#'#
____###+#.#


You could see 2 sun demons, a hellwing, a rust devil, 2 kobold demonologists, a
ynoxinul, a quasit, a shadow imp and an ufetubus.

Vanquished Creatures
  A slime creature (D)
  Sigmund (D)
  A yak (D)
  A floating eye (D)
  An ogre (D)
  A jelly (D)
  Ijyb (D)
7 creatures vanquished.

Notes
Turn   | Place    | Note
-------+----------+-------------------------------------------
     0 | D        | Kobolds4U the Minotaur Berserker began the quest for the
                  | Orb.
     0 | D        | Reached XP level 1. HP: 19/19 MP: 0/0
     1 | D        | Noticed Ijyb
    11 | D        | Killed Ijyb
    11 | D        | Reached skill level 6 in Long Blades
    11 | D        | Reached XP level 2. HP: 16/26 MP: 1/1
   136 | D        | Noticed an ogre
   140 | D        | Killed an ogre
   140 | D        | Reached skill level 9 in Long Blades
   140 | D        | Reached XP level 3. HP: 31/31 MP: 2/2
   140 | D        | Reached XP level 4. HP: 39/39 MP: 3/3
   220 | D        | Noticed Sigmund
   228 | D        | Killed Sigmund
   228 | D        | Reached ** piety under Trog
   228 | D        | Reached skill level 12 in Long Blades
   228 | D        | Reached XP level 5. HP: 28/45 MP: 4/4
   228 | D        | Reached XP level 6. HP: 32/51 MP: 5/5
   337 | D        | Found an ornate altar of the Wu Jian Council.
   337 | D        | Found a deep blue altar of Sif Muna.
   339 | D        | Found a radiant altar of Vehumet.
   373 | D        | Found Mudwaesk's Book Emporium.
   373 | D        | Found an ancient bone altar of Kikubaaqudgha.
   373 | D        | Found a hazy altar of Hepliaklqana.
   373 | D        | Found a stormy altar of Qazlal.
   373 | D        | Found a hide-covered altar of Uskayaw.
   373 | D        | Found a blossoming altar of Fedhas.
   373 | D        | Found a bloodstained altar of Trog.
   373 | D        | Found an iron altar of Okawaru.
   373 | D        | Found a basalt altar of Yredelemnul.
   373 | D        | Found a glowing golden altar of the Shining One.
   373 | D        | Found a snail-covered altar of Cheibriados.
   373 | D        | Found a sacrificial altar of Ru.
   373 | D        | Found a glowing silver altar of Zin.
   373 | D        | Found a shadowy altar of Dithmenos.
   373 | D        | Found a white marble altar of Elyvilon.
   373 | D        | Noticed a yak
   384 | D        | Killed a yak
   384 | D        | Reached skill level 13 in Long Blades
   385 | D        | Found an opulent altar of Gozag.
   388 | D        | Found a sparkling altar of Nemelex Xobeh.
   564 | D        | Found a burning altar of Makhleb.
   564 | D        | Found a viscous altar of Jiyva.
   564 | D        | Found a shimmering altar of Xom.
   564 | D        | Found a corrupted altar of Lugonu.
   564 | D        | Noticed a slime creature
   573 | D        | Killed a slime creature
   573 | D        | Reached *** piety under Trog
   573 | D        | Reached skill level 14 in Long Blades
   573 | D        | Reached skill level 10 in Dodging
   573 | D        | Reached XP level 7. HP: 34/57 MP: 6/6
   704 | D        | Noticed a kobold demonologist
   704 | D        | Noticed a kobold demonologist
   704 | D        | Paralysed by a floating eye for 4 turns
   706 | D        | Noticed a sun demon
   709 | D        | Noticed a ynoxinul
   709 | D        | Reached skill level 5 in Fighting
   710 | D        | Noticed a sun demon
   713 | D        | Noticed a hellwing
   714 | D        | Noticed a rust devil
   717 | D        | Slain by a sun demon

Skill      XL: |  1  2  3  4  5  6  7 |
---------------+----------------------+-----
Long Blades    | 6 9 12 14 | 14.9
Dodging        | 4 6 8 10 | 10.6
Fighting       | 5 |  5.7
Armour         | |  2.4

Action                   |  1- 3 |  4- 6 |  7- 9 || total
-------------------------+-------+-------+-------++-------
Melee: Falchion          |    12 |    27 |     9 ||    48
       Headbutt          |     2 |    11 |     2 ||    15
Invok: Berserk           |     1 |       |       ||     1
Armor: Animal skin       |     1 |       |       ||     1
Dodge: Dodged            |     3 |     8 |     2 ||    13
       Rpst.: Falchion   |       |     2 |       ||     2
